 Dungeon Crawl Stone Soup version 0.24-a0-762-gca426f56c8 (webtiles) character file.

Game seed: 4913507454382967682, levelgen mode: deterministic

109 Kohma the Stinger (level 4, -3/30 HPs)
             Began as a Demonspawn Venom Mage on Oct 3, 2019.
             Killed by divine providence
             ... invoked by an orc priest
              (12 damage)
             ... on level 3 of the Dungeon.
             The game lasted 00:11:08 (3644 turns).

Kohma the Stinger (Demonspawn Venom Mage)           Turns: 3644, Time: 00:11:09

Health: -3/30      AC: 13    Str:  9    XL:     4   Next: 59%
Magic:  3/7        EV: 12    Int: 17    God:
Gold:   167        SH:  0    Dex: 13    Spells: 2/8 levels left

rFire    . . .     SeeInvis .   x - +0 long sword
rCold    . . .     Gourm    .   (no shield)
rNeg     . . .     Faith    .   a - +0 robe
rPois    .         Spirit   .   (no helmet)
rElec    .         Reflect  .   F - +0 cloak
rCorr    .         Harm     .   (no gloves)
MR       .....                  j - +0 pair of boots
Stlth    ++........             (no amulet)
HPRegen  0.10/turn              (no ring)
MPRegen  0.10/turn              (no ring)

@: sanguine armour
A: demonic guardian 1, sanguine armour 2
a: no special abilities


You were on level 3 of the Dungeon.
You were hungry.

You visited 1 branch of the dungeon, and saw 3 of its levels.

You collected 167 gold pieces.

Inventory:

Hand Weapons
 k - a +0 dagger
 x - a +0 long sword (weapon)
 C - a +2 whip of electrocution
Missiles
 f - 48 bolts
 g - 68 sling bullets
 h - 77 stones
 q - 4 boomerangs
 r - 49 arrows
 A - 3 poisoned darts
 B - 3 javelins (quivered)
Armour
 a - a +0 robe (worn)
 j - a +0 pair of boots (worn)
 y - a scarf of repulsion
 F - a +0 cloak (worn)
Jewellery
 z - an uncursed ring of flight {unknown}
Wands
 t - a wand of flame (20)
Scrolls
 e - a scroll of magic mapping {unknown}
 i - 7 scrolls of identify {unknown}
 l - a scroll of teleportation {unknown}
 m - 2 scrolls of immolation {unknown}
 n - a scroll of fear {unknown}
 p - a scroll of noise {unknown}
 s - a scroll of amnesia {unknown}
 w - a scroll of enchant armour {unknown}
 D - a scroll of remove curse {unknown}
Potions
 b - 2 potions of heal wounds {unknown}
 d - a potion of brilliance {unknown}
 o - a potion of haste {unknown}
 u - 2 potions of agility {unknown}
 v - 4 potions of curing {unknown}
 E - a potion of lignification {unknown}
Comestibles
 c - 6 rations


   Skills:
 - Level 0.1 Fighting
 - Level 0.4 Short Blades
 - Level 0.1 Throwing
 - Level 1.7 Dodging
 - Level 1.7 Stealth
 + Level 2.6 Spellcasting
 * Level 2.7 Conjurations
 * Level 4.1 Poison Magic


You had 2 spell levels left.
You knew the following spells:

 Your Spells              Type           Power        Failure   Level  Hunger
a - Sting                 Conj/Pois      ##..         4%          1    #......
b - Poisonous Vapours     Pois/Air       #.....       12%         2    ##.....
c - Mephitic Cloud        Conj/Pois/Air  #.......     22%         3    ###....

Your spell library contained the following spells:

 Spells                   Type           Power        Failure   Level  Hunger
 Olgreb's Toxic Radiance  Pois           ###.....     32%         4    #####..
 Venom Bolt               Conj/Pois      ##........   77%         5    ######.


Dungeon Overview and Level Annotations

Branches:
Dungeon (3/15)

Altars:
Trog

Annotations:
D:3 1 transporter


Innate Abilities, Weirdness & Mutations

A weak demonic guardian rushes to your aid.
When seriously injured, your bleeding wounds create thick armour. (AC +9)


Message History

Press: ? - help, Dir - move target cursor, f - orc priest, p - shadow imp
Aim: an orc priest, wielding a +0 dagger Poisonous vapours surround the orc priest!
The orc priest is engulfed in poison gas.
The orc priest is poisoned.
Casting: Poisonous Vapours (safe; 12% risk of failure)
Confirm with . or Enter, or press ? or * to list all spells.
Aiming: Poisonous Vapours (safe; 12% risk of failure)
Press: ? - help, Dir - move target cursor, f/p - orc priest
Aim: an orc priest, wielding a +0 dagger (moderately wounded, poisoned) Poisonous vapours surround the orc priest!
The orc priest is engulfed in poison gas.
The orc priest looks even sicker.
The shadow imp gestures at you. Pain shoots through your body!
* * * LOW HITPOINT WARNING * * *
Your shadow imp hits the plant but does no damage.
The orc priest mumbles some strange prayers to Beogh against you.
Beogh smites you!
You die...

..#...#........##...#...###......
..#..............................
......#........#.#####..#.....#..
#.#...#...........####..#........
.....##.........©.......#.......#
.....# .....#########....#......#
.....######.#8P.©.P8#.........#.#
..÷....####.#P....5P#.......#....
............####@####.#..####....
.......###..#5≈5..≈o#............
....#.÷.....#.≈...≈5#............
#####)......#.≈≈≈≈≈.#............
##..........#.≈≈♣≈≈.#.........#.#
##........#.#.≈≈P≈≈.#.##......#..
##..........#.≈...≈.#.##......#..
.......#....#!≈...≈.#.##.........
.......#....####+####....#.##+#..


You could see an orc priest, 2 shadow imps, a friendly white imp and a friendly
shadow imp.

Vanquished Creatures
  3 adders
  2 oozes (D:3)
  3 worms (D:2)
  A dart slug (D:2)
  4 leopard geckos
  An orc (D:3)
  9 bats
  5 giant cockroaches
  6 goblins
  4 hobgoblins
  6 kobolds
  2 frilled lizards
  13 rats
59 creatures vanquished.

Notes
Turn   | Place    | Note
-------+----------+-------------------------------------------
     0 | D:1      | Kohma the Demonspawn Venom Mage began the quest for the
                  | Orb.
     0 | D:1      | Reached XP level 1. HP: 13/13 MP: 3/3
   532 | D:1      | Gained mutation: When seriously injured, your bleeding
                  | wounds create armour. (AC +9) [demonic ancestry]
   532 | D:1      | Reached XP level 2. HP: 19/19 MP: 1/5
  1831 | D:2      | Gained mutation: A weak demonic guardian rushes to your
                  | aid. [demonic ancestry]
  1831 | D:2      | Reached XP level 3. HP: 9/24 MP: 2/6
  2549 | D:2      | Found a bloodstained altar of Trog.
  2762 | D:3      | Gained mutation: When seriously injured, your bleeding
                  | wounds create thick armour. (AC +9) [demonic ancestry]
  2762 | D:3      | Reached XP level 4. HP: 30/30 MP: 5/7
  2766 | D:3      | Learned a level 2 spell: Poisonous Vapours
  2770 | D:3      | Learned a level 3 spell: Mephitic Cloud
  2793 | D:3      | Found a transporter.
  2887 | D:3      | Reached skill level 4 in Poison Magic
  3444 | D:3      | Found a transporter.
  3644 | D:3      | Killed from afar by an orc priest

Levels and vault maps discovered:
D:1:      psy_arrival_fountain, layout_basic, palyth_stone_intersect
D:2:      layout_basic, lemuel_round_altar, supply_closet_lemuel, st_stairs_10,
          minivault_23
D:3:      gammafunk_wand_slinger, layout_basic, first_ration

Skill      XL: |  1  2  3  4 |
---------------+-------------+-----
Conjurations   | 2 |  2.7
Poison Magic   | 4 |  4.1
Fighting       | |  0.1
Short Blades   | |  0.4
Throwing       | |  0.1
Dodging        | |  1.7
Stealth        | |  1.7
Spellcasting   | |  2.6

Action                   |  1- 3 |  4- 6 || total
-------------------------+-------+-------++-------
Melee: Hand axe          |     1 |       ||     1
       Dagger            |    11 |       ||    11
       Long sword        |     5 |     4 ||     9
Throw: Javelin           |    16 |     3 ||    19
       Stone             |     9 |     5 ||    14
 Cast: Sting             |    65 |    34 ||    99
       Mephitic Cloud    |       |     2 ||     2
       Poisonous Vapours |       |     2 ||     2
  Eat: Chunk             |     6 |     3 ||     9
Armor: Robe              |    15 |     2 ||    17
Dodge: Dodged            |    31 |     9 ||    40
       Rpst.: Long sword |     4 |     1 ||     5

Table legend:
 A = Non-vault XP
 B = Vault XP
 C = Vault XP percentage of total XP
 D = Non-vault monster count
 E = Vault monster count
 F = Vault count percentage of total count
                 A         B        C        D         E       F
            +---------+---------+-------+---------+---------+-------
      Total |     154 |       2 |   1.3 |      57 |       2 |   3.4
            +---------+---------+-------+---------+---------+-------
        D:1 |      26 |       0 |   0.0 |      16 |       0 |   0.0
        D:2 |      53 |       2 |   3.6 |      18 |       2 |  10.0
        D:3 |      75 |       0 |   0.0 |      23 |       0 |   0.0
            +---------+---------+-------+---------+---------+-------
